 Dungeon Crawl Stone Soup version 0.25.0-11-g1f837a76a1 (webtiles) character file.

Game seed: 5636758019901315635

857 MisterFreud the Cleaver (level 8, -6/60 HPs)
             Began as a Formicid Fighter on June 27, 2020.
             Was a Follower of Okawaru.
             Mangled by a troll (10 damage)
             ... on level 9 of the Dungeon.
             The game lasted 00:04:58 (1220 turns).

MisterFreud the Cleaver (Formicid Fighter)          Turns: 1220, Time: 00:05:00

Health: -6/60      AC: 11    Str: 23    XL:     8   Next: 22%
Magic:  8/8        EV:  5    Int:  8    God:    Okawaru [*.....]
Gold:   99         SH:  9    Dex: 10    Spells: 7/7 levels left

rFire    . . .     SeeInvis +   k - +2 war axe (vamp)
rCold    . . .     Gourm    .   c - +0 kite shield
rNeg     . . .     Faith    .   e - +0 plate armour
rPois    .         Spirit   .   (helmet unavailable)
rElec    .         Reflect  .   (no cloak)
rCorr    .         Harm     .   (no gloves)
MR       .....                  (no boots)
Stlth    ..........             j - amulet of the acrobat
HPRegen  0.20/turn              (no ring)
MPRegen  0.11/turn              (no ring)

@: no status effects
A: permanent stasis, dig shafts and tunnels, four strong arms, antennae 3
a: Dig, Shaft Self, Heroism, Renounce Religion


You were on level 9 of the Dungeon.
You worshipped Okawaru.
Okawaru was aware of your devotion.
You were hungry.

You visited 2 branches of the dungeon, and saw 9 of its levels.

You collected 99 gold pieces.

Inventory:

Hand Weapons
 a - a +0 war axe
 k - a +2 vampiric war axe (weapon)
Missiles
 g - 3 atropa-tipped darts (quivered)
 i - 66 stones
 o - 12 arrows
 p - 25 sling bullets
 q - 41 bolts
Armour
 c - a +0 kite shield (worn)
 e - a +0 plate armour (worn)
Jewellery
 j - an amulet of the acrobat (around neck)
Scrolls
 b - 2 scrolls of enchant armour {unknown}
 l - a scroll of magic mapping {unknown}
 n - a scroll of immolation {unknown}
 r - 2 scrolls of remove curse {unknown}
 s - a scroll of blinking {unknown}
 u - a scroll of fear {unknown}
 v - a scroll of identify {unknown}
 w - a scroll of acquirement {unknown}
Potions
 d - a potion of might
 h - a potion of heal wounds {unknown}
 m - 2 potions of curing {unknown}
 t - a potion of haste {unknown}
Comestibles
 f - 3 rations
 x - 4 chunks of flesh


   Skills:
 + Level 3.8 Fighting
 * Level 8.4 Axes
 + Level 3.8 Armour
 + Level 4.2 Shields


You had 7 spell levels left.
You didn't know any spells.
Your spell library contained the following spells:

 Spells                   Type           Power        Failure   Level  Hunger
 Foxfire                  Conj/Fire      #...         100%        1    ##.....
 Conjure Flame            Conj/Fire      #.......     100%        3    ####...
 Inner Flame              Hex/Fire       #.......     100%        3    ####...
 Sticky Flame             Conj/Fire      #.......     100%        4    #####..
 Fireball                 Conj/Fire      #.........   100%        5    ######.


Dungeon Overview and Level Annotations

Branches:
Dungeon (9/15)             Temple (1/1) D:5
   Lair: D:8-11         Orc: D:9-12

Altars:
Ashenzari
Elyvilon
Fedhas
Hepliaklqana
Makhleb
Nemelex Xobeh
Okawaru
Qazlal
Ru
Sif Muna
Trog
Uskayaw
Vehumet
Xom
The Shining One


Innate Abilities, Weirdness & Mutations

You cannot be hasted, slowed, berserked, paralysed or teleported.
You can dig through walls and to a lower floor.
Your four strong arms can wield two-handed weapons with a shield.
You have a pair of large antennae on your head. (SInv)


Message History

You slash the centaur skeleton!
The centaur skeleton is severely damaged.
You closely miss the ice beast. The centaur skeleton hits you.
You block the ice beast's attack. The centaur skeleton hits you.
You hit the centaur skeleton.
The centaur skeleton is almost destroyed.
You closely miss the ice beast. You slash the troll! The troll bites you!
You block the troll's attack. The troll claws you!
* * * LOW HITPOINT WARNING * * *
You block the centaur skeleton's attack.
The ice beast barely misses you.
Are you sure you want to shaft yourself?
You feel quite a bit more hungry. The ice beast hits you.
* * * LOW HITPOINT WARNING * * *
The ice beast freezes you!
* * * LOW HITPOINT WARNING * * *
You begin to dig a shaft.
You continue digging a shaft.
The troll barely misses you. The troll claws you but does no damage.
The troll claws you!
You die...

{ +##
#################### ..
.........>..........
#......................
#..................<...
###...........##....<.###
......#####...##......#
.......Z......##......#
.......T@.............#
.......Y..............#
........................
########################


You could see a troll, an ice beast and a centaur skeleton.

Vanquished Creatures
  A hippogriff (D:8)
  Sigmund (D:5)
  An orc warrior (D:8)
  A sky beast (D:5)
  2 black bears (D:8)
  A crimson imp (D:7)
  A jelly (D:7)
  An orc wizard (D:8)
  A worker ant (D:5)
  A hound zombie (D:8)
  An adder (D:2)
  3 dart slugs
  2 leopard geckos (D:5)
  5 orcs
  2 bats (D:2)
  2 giant cockroaches
  2 hobgoblins
  A kobold (D:1)
  2 frilled lizards (D:2)
  A giant cockroach zombie (D:5)
  A leopard gecko zombie (D:5)
  2 rats
35 creatures vanquished.

Notes
Turn   | Place    | Note
-------+----------+-------------------------------------------
     0 | D:1      | MisterFreud the Formicid Fighter began the quest for the
                  | Orb.
     0 | D:1      | Reached XP level 1. HP: 18/18 MP: 1/1
   109 | D:1      | Reached XP level 2. HP: 22/24 MP: 2/2
   130 | D:1      | You fall into a shaft and drop 1 floor!
   172 | D:2      | Reached skill level 3 in Axes
   172 | D:2      | Reached XP level 3. HP: 17/29 MP: 3/3
   413 | D:2      | You fall into a shaft and drop 1 floor!
   433 | D:3      | You fall into a shaft and drop 2 floors!
   433 | D:5      | Entered Level 5 of the Dungeon
   449 | D:5      | Reached skill level 4 in Axes
   449 | D:5      | Reached XP level 4. HP: 29/35 MP: 4/4
   541 | D:5      | Noticed Sigmund
   552 | D:5      | Killed Sigmund
   552 | D:5      | Reached skill level 5 in Axes
   552 | D:5      | Reached XP level 5. HP: 22/41 MP: 5/5
   552 | D:5      | Reached XP level 6. HP: 25/47 MP: 6/6
   655 | D:5      | Noticed a sky beast
   673 | D:5      | Killed a sky beast
   673 | D:5      | Reached skill level 6 in Axes
   711 | D:5      | Found a staircase to the Ecumenical Temple.
   722 | Temple   | Entered the Ecumenical Temple
   802 | Temple   | Became a worshipper of Warmaster Okawaru
   943 | D:6      | Found a blossoming altar of Fedhas.
  1006 | D:7      | Reached XP level 7. HP: 52/52 MP: 7/7
  1054 | D:8      | Found a bloodstained altar of Trog.
  1070 | D:8      | Reached skill level 7 in Axes
  1076 | D:8      | Noticed a hippogriff
  1082 | D:8      | Killed a hippogriff
  1082 | D:8      | Reached * piety under Okawaru
  1082 | D:8      | Reached skill level 8 in Axes
  1082 | D:8      | Reached XP level 8. HP: 55/58 MP: 8/8
  1212 | D:9      | Noticed a troll
  1220 | D:9      | Mangled by a troll

Illustrated notes

Levels and vault maps discovered:
D:1:      psy_arrival_terrarium, layout_basic, grunt_decor_cap
D:2:      layout_loops_cross, first_ration, uniq_natasha
D:3:      layout_loops_ring, chequers_ecumenical_altar_lobes
D:5:      layout_basic, minmay_temple_entry_arrows, uniq_sigmund
D:6:      layout_rooms, nicolae_overflow_hidden_temple,
          hellmonk_ghost_happy_afterlife, basic_altar, fedhas_altar_2
D:7:      layout_basic
D:8:      layout_basic, trog_ov_bears_minmay, gammafunk_ghost_hydra_chop
D:9:      layout_stronghold, yredelemnul_forgotten_temple_becter,
          nicolae_gozag_zags_fifth_avenue, cheibriados_altar_1, uniq_erolcha,
          uniq_maggie, uniq_joseph, uniq_psyche
Temple:   eino_temple_scatter_basement

Skill      XL: |  1  2  3  4  5  6  7 |
---------------+----------------------+-----
Axes           | 3 4 5 6 8 |  8.4
Shields        | 4 |  4.2
Fighting       | |  3.8
Armour         | |  3.8

Action                   |  1- 3 |  4- 6 |  7- 9 || total
-------------------------+-------+-------+-------++-------
Melee: War axe           |    66 |    59 |    38 ||   163
 Abil: Shaft Self        |     3 |       |     1 ||     4
       Dig               |     1 |     1 |       ||     2
  Eat: Chunk             |       |     1 |     1 ||     2
Armor: Scale mail        |     3 |       |       ||     3
       Plate armour      |    46 |    29 |    17 ||    92
Dodge: Dodged            |    13 |     9 |    14 ||    36
Block: Kite shield       |    48 |    25 |    16 ||    89
